 Dungeon Crawl Stone Soup version 0.24-a0-203-gf0bc1e94ae (webtiles) character file.

Game seed: 10281057699374569078

97 MirrMurr the Sneak (level 4, -2/21 HPs)
             Began as a Spriggan Enchanter on Mar 27, 2019.
             Was an Initiate of Wu Jian.
             Killed from afar by an orc wizard (10 damage)
             ... with a magic dart
             ... on level 3 of the Dungeon.
             The game lasted 00:07:55 (3497 turns).

MirrMurr the Sneak (Spriggan Enchanter)             Turns: 3497, Time: 00:07:56

Health: -2/21      AC:  2    Str:  5    XL:     4   Next: 42%
Magic:  1/9        EV: 18    Int: 16    God:    Wu Jian [......]
Gold:   141        SH:  0    Dex: 16    Spells: 3/8 levels left

rFire    . . .     SeeInvis +   a - +2 dagger
rCold    . . .     Gourm    .   (shield restricted)
rNeg     . . .     Faith    .   b - +0 robe
rPois    .         Spirit   .   (helmet restricted)
rElec    .         Reflect  .   (no cloak)
rCorr    .         Harm     .   (gloves unavailable)
MR       .....                  (boots unavailable)
Stlth    +++.......             (no amulet)
HPRegen  0.07/turn              (no ring)
MPRegen  0.11/turn              (no ring)

@: very slightly contaminated, very quick
A: very small, unfitting armour, see invisible, herbivore, speed 3, slow
metabolism 2
a: Renounce Religion


You were on level 3 of the Dungeon.
You worshipped Wu Jian.
Wu Jian was noncommittal.
You were not hungry.

You visited 1 branch of the dungeon, and saw 3 of its levels.

You collected 141 gold pieces.

Inventory:

Hand Weapons
 a - a +2 dagger (weapon)
Missiles
 f - 67 stones (quivered)
 m - 11 poisoned needles
 n - 15 sling bullets
Armour
 b - a +0 robe (worn)
Wands
 g - a wand of iceblast (6)
Scrolls
 l - 2 scrolls of teleportation
Potions
 d - 3 potions of agility {unknown}
 e - a potion of curing {unknown}
 i - 2 potions of lignification
 j - a potion of haste {unknown}
 k - a potion of cancellation {unknown}
 o - a potion of degeneration {unknown}
Comestibles
 c - 4 rations


   Skills:
 + Level 3.4 Short Blades
 - Level 3.0 Dodging
 + Level 6.5 Stealth
 - Level 2.6 Spellcasting
 - Level 3.6 Hexes


You had 3 spell levels left.
You knew the following spells:

 Your Spells              Type           Power        Failure   Level  Hunger
a - Ensorcelled Hibernat  Hex/Ice        #.....       14%         2    ##.....
b - Confuse               Hex            ##......     13%         3    ###....

Your spell library contained the following spells:

 Spells                   Type           Power        Failure   Level  Hunger
 Corona                   Hex            ##.....      4%          1    #......
 Tukima's Dance           Hex            ##......     13%         3    ###....
 Dazzling Spray           Conj/Hex       #.....       28%         3    ###....


Dungeon Overview and Level Annotations

Branches:
Dungeon (3/15)

Altars:
Cheibriados
Trog
Wu Jian


Innate Abilities, Weirdness & Mutations

You are very small and have problems with some larger weapons.
You are too small for most types of armour.
You have supernaturally acute eyesight. (SInv)
You are a herbivore.
You cover ground extremely quickly.
You need to consume almost no food.


Message History

The orc wizard gestures at you while chanting.
The magic dart hits you.
Casting: Ensorcelled Hibernation (safe; 14% risk of failure)
Confirm with . or Enter, or press ? or * to list all spells.
Aiming: Ensorcelled Hibernation (safe; 14% risk of failure)
Press: ? - help, Shift-Dir - straight line, f/p - orc wizard
Aim: an orc wizard, wielding a +0 dagger and wearing a +0 robe (chance to defeat MR: 38%)
The orc wizard resists with some effort.
The orc wizard gestures wildly while chanting.
The orc wizard blinks!
You are too injured to fight recklessly!
Casting: Ensorcelled Hibernation (safe; 14% risk of failure)
Confirm with . or Enter, or press ? or * to list all spells.
Aiming: Ensorcelled Hibernation (safe; 14% risk of failure)
Press: ? - help, Shift-Dir - straight line, f/p - orc wizard
Aim: an orc wizard, wielding a +0 dagger and wearing a +0 robe (chance to defeat MR: 38%)
The orc wizard resists with some effort.
The orc wizard casts a spell at you. The magic dart hits you!
You die...

#.# #.# #.#
#.#
#######.####
...........#
######.##<#
#.##o#
#.##@#
#.##ยง#
#.##.#
#.##.#
.......#...#
#######o####
#. #o #.


You could see an orc wizard.

Vanquished Creatures
  A gnoll (D:1)
  3 adders (D:2)
  3 worms (D:2)
  3 dart slugs
  2 ball pythons
  7 bats
  2 giant cockroaches (D:1)
  2 goblins
  6 hobgoblins
  5 kobolds
  8 frilled lizards
  10 rats
52 creatures vanquished.

Notes
Turn   | Place    | Note
-------+----------+-------------------------------------------
     0 | D:1      | MirrMurr the Spriggan Enchanter began the quest for the
                  | Orb.
     0 | D:1      | Reached XP level 1. HP: 9/9 MP: 5/5
   508 | D:1      | Reached skill level 5 in Stealth
   508 | D:1      | Reached XP level 2. HP: 3/13 MP: 4/6
   738 | D:1      | Learned a level 2 spell: Ensorcelled Hibernation
  1935 | D:2      | Reached XP level 3. HP: 16/16 MP: 5/8
  1940 | D:2      | Learned a level 3 spell: Confuse
  2403 | D:2      | Reached skill level 6 in Stealth
  2646 | D:2      | Reached XP level 4. HP: 21/21 MP: 9/9
  3349 | D:2      | Found a bloodstained altar of Trog.
  3349 | D:2      | Found a snail-covered altar of Cheibriados.
  3350 | D:2      | Found an ornate altar of the Wu Jian Council.
  3356 | D:2      | Became a worshipper of the Wu Jian Council
  3497 | D:3      | Killed from afar by an orc wizard

Levels and vault maps discovered:
D:1:      dpeg_arrival_rooms_c, layout_basic, kennysheep_small_spiral
D:2:      minmay_diamond_boxcup, layout_loops_ring,
          gammafunk_temple_overflow_claw, serial_rivers,
          chequers_serial_rivers_small_3, chequers_serial_rivers_micro_b,
          chequers_serial_rivers_room_a, chequers_serial_rivers_micro_e,
          first_ration
D:3:      layout_loops_ring, amethyst_overflow_temple_binary,
          minmay_strange_pillars

Skill      XL: |  1  2  3 |
---------------+----------+-----
Stealth        | 5 6 |  6.5
Short Blades   | 2 3 |  3.4
Dodging        | |  3.0
Spellcasting   | |  2.6
Hexes          | |  3.6

Action                   |  1- 3 |  4- 6 || total
-------------------------+-------+-------++-------
Melee: Dagger            |   152 |    36 ||   188
 Cast: Corona            |    11 |       ||    11
       Ensorcelled Hiber |    12 |    11 ||    23
  Use: Scroll            |     1 |     3 ||     4
 Stab: Sleeping          |    19 |    10 ||    29
  Eat: Ration            |       |     1 ||     1
Armor: Robe              |     6 |     4 ||    10
Dodge: Dodged            |   118 |    16 ||   134

Table legend:
 A = Non-vault XP
 B = Vault XP
 C = Vault XP percentage of total XP
 D = Non-vault monster count
 E = Vault monster count
 F = Vault count percentage of total count
                 A         B        C        D         E       F
            +---------+---------+-------+---------+---------+-------
      Total |     110 |      29 |  20.9 |      44 |       8 |  15.4
            +---------+---------+-------+---------+---------+-------
        D:1 |      53 |       0 |   0.0 |      23 |       0 |   0.0
        D:2 |      57 |      29 |  33.7 |      21 |       8 |  27.6
            +---------+---------+-------+---------+---------+-------
